 Dungeon Crawl Stone Soup version 0.25-a0-937-gcfae464cf3 (webtiles) character file.

Game seed: 10205603148145865739, levelgen mode: deterministic

123 wullow the Shield-Bearer (level 4, 0/35 HPs)
             Began as a Demonspawn Fighter on May 4, 2020.
             Was an Initiate of Okawaru.
             Slain by a bullfrog (7 damage)
             ... on level 2 of the Dungeon.
             The game lasted 00:04:00 (2377 turns).

wullow the Shield-Bearer (Demonspawn Fighter)       Turns: 2377, Time: 00:04:00

Health: 0/35       AC:  7    Str: 16    XL:     4   Next: 79%
Magic:  4/4        EV:  9    Int: 10    God:    Okawaru [......]
Gold:   98         SH:  9    Dex: 13    Spells: 3/3 levels left

rFire    . . .     SeeInvis .   a - +0 rapier
rCold    . . .     Gourm    .   c - +0 kite shield
rNeg     . . .     Faith    .   b - +0 scale mail
rPois    .         Spirit   .   (helmet restricted)
rElec    .         Reflect  .   (no cloak)
rCorr    .         Harm     .   v - +0 pair of gloves
MR       .....                  (no boots)
Stlth    ..........             i - amulet of magic regeneration
HPRegen  0.11/turn              (no ring)
MPRegen  0.34/turn              (no ring)

@: no status effects
A: antennae 2, repulsion field 1
a: Renounce Religion


You were on level 2 of the Dungeon.
You worshipped Okawaru.
Okawaru was noncommittal.
You were not hungry.

You visited 1 branch of the dungeon, and saw 3 of its levels.

You collected 98 gold pieces.

Inventory:

Hand Weapons
 a - a +0 rapier (weapon)
Missiles
 e - 15 atropa-tipped darts (quivered)
 j - 61 stones
 t - 35 arrows
Armour
 b - a +0 scale mail (worn)
 c - a +0 kite shield (worn)
 v - a +0 pair of gloves (worn)
 w - a +0 ring mail of positive energy
Jewellery
 i - an amulet of magic regeneration (around neck)
Scrolls
 g - a scroll of identify {unknown}
 h - 2 scrolls of teleportation {unknown}
 l - a scroll of amnesia {unknown}
 n - a scroll of blinking {unknown}
 o - 2 scrolls of enchant armour {unknown}
 q - a scroll of random uselessness {unknown}
 r - a scroll of remove curse {unknown}
 s - 2 scrolls of enchant weapon {unknown}
Potions
 d - a potion of might
 k - a potion of brilliance {unknown}
 m - a potion of ambrosia {unknown}
 p - 2 potions of flight {unknown}
Comestibles
 f - 2 rations
 u - 3 chunks of flesh


   Skills:
 + Level 3.5 Fighting
 * Level 3.1 Short Blades
 - Level 3.0 Armour
 * Level 3.7 Shields


You had 3 spell levels left.
You didn't know any spells.
Your spell library was empty.

Dungeon Overview and Level Annotations

Branches:
Dungeon (3/15)

Altars:
Elyvilon
Okawaru


Innate Abilities, Weirdness & Mutations

You have a pair of antennae on your head.
You are surrounded by a mild repulsion field. (EV +2)


Message History

You block the bullfrog's attack.
Your shield and scale mail prevent you from hitting the bullfrog.
The bullfrog hits you but does no damage.
The bullfrog hits you!
* * * LOW HITPOINT WARNING * * *
Okay, then.
You see here a +0 dagger.
The bullfrog closely misses you. The bullfrog hits you.
* * * LOW HITPOINT WARNING * * *
The bullfrog releases a deep croak.
You block the bullfrog's attack.
There is a stone staircase leading up here.
The bullfrog hits you.
* * * LOW HITPOINT WARNING * * *
You climb upwards.
There is a stone staircase leading down here.
The bullfrog barely misses you. The bullfrog hits you!
You die...

#.... #..#≈ #..#≈
############ #..##
#..........# #....
#..........# ###.#
#..........# #.#
#..........############.#
#...>^.F@..'.............
#..........############.#
####.##################.#
#..............>......
#.##################.#
#.......####### #.#
#######.#.....# #.#
#.#.....# #.# #.#.....###
#..


You could see a bullfrog.

Vanquished Creatures
  An orc priest (D:3)
  Ijyb (D:3)
  An ooze (D:1)
  A worm (D:3)
  A dart slug (D:1)
  2 leopard geckos
  2 orcs (D:3)
  4 giant cockroaches
  6 goblins
  4 hobgoblins
  4 jackals (D:1)
  3 quokkas (D:3)
  8 bats
  2 frilled lizards (D:2)
  7 kobolds
  3 rats
50 creatures vanquished.

Notes
Turn   | Place    | Note
-------+----------+-------------------------------------------
     0 | D:1      | wullow the Demonspawn Fighter began the quest for the Orb.
     0 | D:1      | Reached XP level 1. HP: 18/18 MP: 1/1
    77 | D:1      | Gained mutation: You are surrounded by a mild repulsion
                  | field. (EV +2) [demonic ancestry]
    77 | D:1      | Reached XP level 2. HP: 13/24 MP: 2/2
   574 | D:1      | Gained mutation: You have a pair of small antennae on your
                  | head. [demonic ancestry]
   574 | D:1      | Reached XP level 3. HP: 16/29 MP: 3/3
  1236 | D:1      | Noticed a big kobold
  1236 | D:1      | Noticed a big kobold
  1236 | D:1      | Noticed a big kobold
  1293 | D:1      | Noticed a big kobold
  1430 | D:2      | Found an iron altar of Okawaru.
  1441 | D:2      | Became a worshipper of Warmaster Okawaru
  1576 | D:2      | Found a white marble altar of Elyvilon.
  2055 | D:3      | Noticed Ijyb
  2086 | D:3      | Killed Ijyb
  2086 | D:3      | Gained mutation: You have a pair of antennae on your head.
                  | [demonic ancestry]
  2086 | D:3      | Reached XP level 4. HP: 35/35 MP: 4/4
  2351 | D:3      | Noticed a bullfrog
  2377 | D:2      | Slain by a bullfrog

Levels and vault maps discovered:
D:1:      erik_arrival_cave_to_civilisation [erik_arrival_cave_to_temple],
          layout_basic, minmay_vboxes
D:2:      layout_basic, kennysheep_okawaru_gauntlet, elyvilon_altar_4
D:3:      layout_basic, lemuel_blue_sif_altar, first_ration, bloody_trog,
          uniq_ijyb

Skill      XL: |  1  2  3  4 |
---------------+-------------+-----
Short Blades   | 2 3 |  3.1
Shields        | 3 |  3.7
Armour         | 3 |  3.0
Fighting       | |  3.5

Action                   |  1- 3 |  4- 6 || total
-------------------------+-------+-------++-------
Melee: Rapier            |   166 |    39 ||   205
  Eat: Chunk             |     4 |     1 ||     5
Armor: Scale mail        |    81 |    16 ||    97
       Skin              |    10 |       ||    10
Dodge: Dodged            |    61 |    16 ||    77
Block: Kite shield       |    96 |    23 ||   119

Table legend:
 A = Non-vault XP
 B = Vault XP
 C = Vault XP percentage of total XP
 D = Non-vault monster count
 E = Vault monster count
 F = Vault count percentage of total count
                 A         B        C        D         E       F
            +---------+---------+-------+---------+---------+-------
      Total |     118 |      58 |  33.0 |      41 |       9 |  18.0
            +---------+---------+-------+---------+---------+-------
        D:1 |      37 |      23 |  38.3 |      21 |       8 |  27.6
        D:2 |      14 |       0 |   0.0 |       8 |       0 |   0.0
        D:3 |      67 |      35 |  34.3 |      12 |       1 |   7.7
            +---------+---------+-------+---------+---------+-------
